AoeStats
← Cuervo

Arabia

507882184Analyzed
3v3 RM · 11d ago on Sep 20, 2026· 41m 26s· 6 players
Game mode
Random Map
Map size
Normal (6 player)
Population
200
Speed
Normal
Resources
Standard
Victory
Conquest
Starting age
Dark Age
Ending age
Imperial Age
RankedLock teamsTeams togetherTeam positionsShared explorationLock speedFull tech treeHidden civsTurbo modeCheats
Victory
Defeat
🇨🇱 Spanish · Chile
1125
+12
🇦🇷 Koreans · Argentina
1066
+15
🇦🇷 Celts · Argentina
979
+19
🇺🇸 Saracens · United States
1057
-16
🇲🇽 Magyars · Mexico
1047
-16
🇺🇸 Khmer · United States
1001
-14
Eagles
8:53 Loom
11:25 Feudal Age
15:49 Castle Age
25:49 Double-Bit Axe
25:46 Horse Collar
27:26 Wheelbarrow
28:58 Bloodlines
31:17 Husbandry
31:25 Scale Barding Armor
31:32 Forging
37:01 Imperial Age
36:23 Chain Barding Armor
36:14 Gold Mining
36:18 Stone Mining
38:05 Conscription
38:07 Elite Mameluke
40:39 Heavy Plow
40:58 Hand Cart
vivazqu
12:18 Feudal Age
15:14 Loom
16:10 Horse Collar
18:32 Castle Age
17:22 Double-Bit Axe
19:13 Stone Mining
18:47 Pikeman
22:03 Scale Barding Armor
24:03 Fletching
24:20 Elite Skirmisher
25:16 Bow Saw
27:27 Padded Archer Armor
30:27 Leather Archer Armor
31:54 Gold Mining
32:15 Heavy Plow
33:52 Ballistics
34:24 Wheelbarrow
33:34 Town Watch
35:46 Bodkin Arrow
36:15 Chain Barding Armor
36:07 Forging
38:07 Hand Cart
37:53 Town Patrol
42:19 Imperial Age
Oswaldo.rdz
8:52 Loom
10:57 Feudal Age
15:53 Castle Age
19:53 Town Watch
23:19 Scale Barding Armor
26:11 Double-Bit Axe
34:03 Fletching
CasquetE
7:59 Loom
9:59 Feudal Age
11:15 Double-Bit Axe
15:24 Horse Collar
21:43 Castle Age
19:42 Gold Mining
21:46 Pikeman
22:54 Bow Saw
22:52 Scale Mail Armor
25:31 Forging
26:53 Wheelbarrow
29:14 Town Watch
31:50 Chain Mail Armor
31:31 Fletching
32:20 Gold Shaft Mining
34:35 Heavy Plow
39:34 Imperial Age
38:14 Bodkin Arrow
40:43 Conscription
42:00 Furor Celtica
41:19 Heavy Scorpion
VZ | Thyrfing
6:17 Loom
9:09 Feudal Age
14:30 Horse Collar
20:41 Castle Age
19:12 Stone Mining
19:35 Gold Mining
19:58 Double-Bit Axe
20:55 Padded Archer Armor
22:30 Leather Archer Armor
22:54 Bloodlines
28:54 Heavy Plow
30:35 Husbandry
32:00 Stone Shaft Mining
31:01 Light Cavalry
34:01 Scale Barding Armor
34:06 Forging
35:47 Chain Barding Armor
35:37 Forging
40:36 Imperial Age
41:03 Ballistics
Cuervo
8:03 Loom
10:32 Feudal Age
16:58 Fletching
23:14 Castle Age
21:50 Wheelbarrow
23:49 Scale Mail Armor
23:42 Crossbowman
25:50 Thumb Ring
25:47 Double-Bit Axe
34:31 Squires
34:30 Gold Mining
41:26 Ballistics
43:41 Imperial Age
Connection lost

Rejoining the realm…

Still unreachable

The connection could not be restored.

Session expired

The server has moved on; the page needs a fresh start.